TOP OF THE 1ST |
Tri-City Dust Devils batting - Pitching for Brooklyn Cyclones : RHP David Mejia
|
Pitching: RHP David Mejia
|
|
Batting: LHB Ramon Vega
|
0-0: Ball 1-0: Foul Ball, location: 2F 1-1: Foul Ball, location: 2F 1-2: Fly out, F8 (Flyball, 89M, EV 86.9 MPH)
|
Batting: RHB Hector Fernandez
|
0-0: Ball 1-0: Fly out, F7 (Flyball, 7D, EV 91.2 MPH)
|
Batting: SHB Isaiah Scates
|
0-0: Ball 1-0: Swinging Strike 1-1: Called Strike 1-2: Ball 2-2: Ball 3-2: Strikes out swinging
|
Top of the 1st over - 0 runs, 0 hits, 0 errors, 0 left on base; Tri-City 0 - Brooklyn 0 |
BOTTOM OF THE 1ST |
Brooklyn Cyclones batting - Pitching for Tri-City Dust Devils : RHP Jamie Bostic
|
Pitching: RHP Jamie Bostic
|
|
Batting: RHB Jack Nickleberry
|
0-0: Ground out 6-3 (Groundball, 6M, EV 106.9 MPH)
|
Batting: SHB Ryan Brown
|
0-0: Ball 1-0: Ball 2-0: Ball 3-0: Called Strike 3-1: Called Strike 3-2: Strikes out swinging
|
Batting: LHB Miguel Ramos
|
0-0: Called Strike 0-1: Called Strike 0-2: Ball 1-2: Foul Ball, location: 2F 1-2: Fly out, F9 (Line Drive, 9D, EV 85.0 MPH)
|
Bottom of the 1st over - 0 runs, 0 hits, 0 errors, 0 left on base; Tri-City 0 - Brooklyn 0 |
TOP OF THE 2ND |
Tri-City Dust Devils batting - Pitching for Brooklyn Cyclones : RHP David Mejia
|
Batting: RHB Eric McMillian
|
0-0: Fly out, F9 (Flyball, 89M, EV 81.9 MPH)
|
Batting: RHB Frank Elizondo
|
0-0: SINGLE (Groundball, 56D, EV 101.2 MPH)
|
Batting: RHB Max Stillo
|
0-0: Ball 1-0: Called Strike 1-1: Ball 2-1: Grounds into double play, 6-4-3 (Groundball, 6S, EV 79.4 MPH)
|
Top of the 2nd over - 0 runs, 1 hit, 0 errors, 0 left on base; Tri-City 0 - Brooklyn 0 |
BOTTOM OF THE 2ND |
Brooklyn Cyclones batting - Pitching for Tri-City Dust Devils : RHP Jamie Bostic
|
Batting: RHB Ryan Marler
|
0-0: Swinging Strike 0-1: Called Strike 0-2: Foul Ball, location: 2F 0-2: Fly out, F9 (Flyball, 89XD, EV 90.6 MPH)
|
Batting: RHB Matt Tittle
|
0-0: Ball 1-0: Ball 2-0: Called Strike 2-1: Foul Ball, location: 2F 2-2: DOUBLE (Groundball, 5L, EV 108.1 MPH)
|
Batting: RHB Jamie Bass
|
0-0: SINGLE (Groundball, 13S, EV 70.6 MPH) (infield hit) Matt Tittle to third
|
Batting: RHB Roberto Delgado
|
0-0: Foul Ball, location: 2F 0-1: Ball 1-1: Fielders Choice at 2nd, 4-6 (Groundball, 4M, EV 85.6 MPH) Matt Tittle scores
|
Batting: RHB Tom Primmer
|
0-0: 2-RUN HOME RUN (Flyball, 7D, EV 93.1 MPH), Distance : 368 ft
|
Batting: SHB Duri Chilemba
|
0-0: Foul Ball, location: 2F 0-1: Foul Ball, location: 2F 0-2: Ground out 5-3 (Groundball, 6, EV 89.4 MPH)
|
Bottom of the 2nd over - 3 runs, 3 hits, 0 errors, 0 left on base; Tri-City 0 - Brooklyn 3 |
TOP OF THE 3RD |
Tri-City Dust Devils batting - Pitching for Brooklyn Cyclones : RHP David Mejia
|
Batting: RHB Oren Jones
|
0-0: Called Strike 0-1: Ball 1-1: Ball 2-1: Called Strike 2-2: Strikes out swinging
|
Batting: RHB Shane Bruce
|
0-0: Swinging Strike 0-1: Foul Ball, location: 2F 0-2: Strikes out swinging
|
Batting: RHB Ed Oake
|
0-0: Ball 1-0: DOUBLE (Line Drive, 8RD, EV 105.6 MPH)
|
Batting: LHB Ramon Vega
|
0-0: Called Strike 0-1: Ball 1-1: Foul Ball, location: 2F 1-2: Ball 2-2: Foul Ball, location: 2F 2-2: Strikes out swinging
|
Top of the 3rd over - 0 runs, 1 hit, 0 errors, 1 left on base; Tri-City 0 - Brooklyn 3 |
BOTTOM OF THE 3RD |
Brooklyn Cyclones batting - Pitching for Tri-City Dust Devils : RHP Jamie Bostic
|
Batting: RHB Jack Nickleberry
|
0-0: Called Strike 0-1: Ball 1-1: Ball 2-1: Called Strike 2-2: Strikes out looking
|
Batting: SHB Ryan Brown
|
0-0: Called Strike 0-1: Foul Ball, location: 2F 0-2: Strikes out swinging
|
Batting: LHB Miguel Ramos
|
0-0: Swinging Strike 0-1: Called Strike 0-2: Strikes out swinging
|
Bottom of the 3rd over - 0 runs, 0 hits, 0 errors, 0 left on base; Tri-City 0 - Brooklyn 3 |
TOP OF THE 4TH |
Tri-City Dust Devils batting - Pitching for Brooklyn Cyclones : RHP David Mejia
|
Batting: RHB Hector Fernandez
|
0-0: Ball 1-0: Ball 2-0: Called Strike 2-1: Called Strike 2-2: Strikes out looking
|
Batting: SHB Isaiah Scates
|
0-0: Called Strike 0-1: Ball 1-1: Ball 2-1: Foul Ball, location: 2F 2-2: Foul Ball, location: 2F 2-2: Ground out 3-1 (Groundball, 34, EV 88.8 MPH)
|
Batting: RHB Eric McMillian
|
0-0: Ball 1-0: Foul Ball, location: 2F 1-1: SINGLE (Line Drive, 7S, EV 85.6 MPH)
|
Pitching: LHP Matt Allert
|
|
Batting: RHB Frank Elizondo
|
0-0: Called Strike 0-1: Called Strike 0-2: Ball 1-2: Ground out 5-3 (Groundball, 56S, EV 66.9 MPH)
|
Top of the 4th over - 0 runs, 1 hit, 0 errors, 1 left on base; Tri-City 0 - Brooklyn 3 |
BOTTOM OF THE 4TH |
Brooklyn Cyclones batting - Pitching for Tri-City Dust Devils : RHP Jamie Bostic
|
Batting: RHB Ryan Marler
|
0-0: Called Strike 0-1: Ball 1-1: Foul Ball, location: 2F 1-2: Foul Ball, location: 2F 1-2: Ground out 2-3 (Groundball, 2L, EV 63.8 MPH)
|
Batting: RHB Matt Tittle
|
0-0: Foul Ball, location: 2F 0-1: Swinging Strike 0-2: Ball 1-2: Strikes out swinging
|
Batting: RHB Jamie Bass
|
0-0: Called Strike 0-1: Ball 1-1: Ball 2-1: Swinging Strike 2-2: Foul Ball, location: 2F 2-2: Strikes out swinging
|
Bottom of the 4th over - 0 runs, 0 hits, 0 errors, 0 left on base; Tri-City 0 - Brooklyn 3 |
TOP OF THE 5TH |
Tri-City Dust Devils batting - Pitching for Brooklyn Cyclones : LHP Matt Allert
|
Batting: RHB Max Stillo
|
0-0: Ground out 6-3 (Groundball, 6M, EV 95.0 MPH)
|
Batting: RHB Oren Jones
|
0-0: Ball 1-0: Foul Ball, location: 2F 1-1: Swinging Strike 1-2: SINGLE (Line Drive, 78M, EV 95.6 MPH)
|
Batting: RHB Shane Bruce
|
0-0: Ball 1-0: Grounds into double play, 4-6-3 (Groundball, 4M, EV 80.0 MPH)
|
Top of the 5th over - 0 runs, 1 hit, 0 errors, 0 left on base; Tri-City 0 - Brooklyn 3 |
BOTTOM OF THE 5TH |
Brooklyn Cyclones batting - Pitching for Tri-City Dust Devils : RHP Jamie Bostic
|
Batting: RHB Roberto Delgado
|
0-0: Called Strike 0-1: Ball 1-1: Ball 2-1: Foul Ball, location: 2F 2-2: Strikes out swinging
|
Batting: RHB Tom Primmer
|
0-0: Ball 1-0: Foul Ball, location: 2F 1-1: Foul Ball, location: 2F 1-2: Fly out, F9 (Flyball, 9, EV 83.8 MPH)
|
Batting: SHB Duri Chilemba
|
0-0: Ball 1-0: Ball 2-0: Foul Ball, location: 2F 2-1: Ground out 4-3 (Groundball, 4, EV 84.4 MPH)
|
Bottom of the 5th over - 0 runs, 0 hits, 0 errors, 0 left on base; Tri-City 0 - Brooklyn 3 |
TOP OF THE 6TH |
Tri-City Dust Devils batting - Pitching for Brooklyn Cyclones : LHP Matt Allert
|
Batting: RHB Ed Oake
|
0-0: Ball 1-0: Foul Ball, location: 2F 1-1: Foul Ball, location: 2F 1-2: Strikes out swinging
|
Batting: LHB Ramon Vega
|
0-0: Foul Ball, location: 2F 0-1: Called Strike 0-2: SINGLE (Line Drive, 8RS, EV 99.4 MPH)
|
Batting: RHB Hector Fernandez
|
0-0: Called Strike 0-1: Ball 1-1: Foul Ball, location: 2F 1-2: Foul Ball, location: 2F 1-2: Grounds into double play, 4-6-3 (Groundball, 4M, EV 86.9 MPH)
|
Top of the 6th over - 0 runs, 1 hit, 0 errors, 0 left on base; Tri-City 0 - Brooklyn 3 |
BOTTOM OF THE 6TH |
Brooklyn Cyclones batting - Pitching for Tri-City Dust Devils : RHP Jamie Bostic
|
Batting: RHB Jack Nickleberry
|
0-0: Called Strike 0-1: Hit by Pitch
|
Batting: SHB Ryan Brown
|
0-0: Called Strike 0-1: Foul Ball, location: 2F 0-2: Fielders Choice at 2nd, 2-4 (Groundball, 15S, EV 68.8 MPH)
|
Batting: LHB Miguel Ramos
|
0-0: Ball Ryan Brown steals 2nd base 1-0: Swinging Strike 1-1: Foul Ball, location: 2F 1-2: Strikes out swinging
|
Pitching: RHP Chris Pisor
|
|
Batting: RHB Ryan Marler
|
0-0: Called Strike 0-1: Ball Wild Pitch! Ryan Brown to third 1-1: Foul Ball, location: 2F 1-2: Ball 2-2: Strikes out looking
|
Bottom of the 6th over - 0 runs, 0 hits, 0 errors, 1 left on base; Tri-City 0 - Brooklyn 3 |
TOP OF THE 7TH |
Tri-City Dust Devils batting - Pitching for Brooklyn Cyclones : LHP Matt Allert
|
Batting: SHB Isaiah Scates
|
0-0: Foul Ball, location: 2F 0-1: Called Strike 0-2: Ball 1-2: Foul Ball, location: 2F 1-2: Ball 2-2: Ball 3-2: SINGLE (Groundball, 4M, EV 96.9 MPH)
|
Batting: RHB Eric McMillian
|
0-0: Called Strike 0-1: Foul Ball, location: 2F 0-2: Foul Ball, location: 2F 0-2: Ball 1-2: Fly out, F8 (Line Drive, 8LD, EV 100.0 MPH)
|
Batting: RHB Frank Elizondo
|
0-0: Ball 1-0: Foul Ball, location: 2F 1-1: Ball 2-1: Ball Wild Pitch! Isaiah Scates to second 3-1: Ground out 6-3 (Groundball, 56, EV 91.9 MPH)
|
Pitching: RHP Gwidon Kaminski
|
|
Batting: RHB Max Stillo
|
0-0: Ball 1-0: Foul Ball, location: 2F 1-1: Called Strike 1-2: Foul Ball, location: 2F 1-2: Ball 2-2: Strikes out swinging
|
Top of the 7th over - 0 runs, 1 hit, 0 errors, 1 left on base; Tri-City 0 - Brooklyn 3 |
BOTTOM OF THE 7TH |
Brooklyn Cyclones batting - Pitching for Tri-City Dust Devils : RHP Chris Pisor
|
Batting: RHB Matt Tittle
|
0-0: Called Strike 0-1: Ball 1-1: Ball 2-1: Ball 3-1: Swinging Strike 3-2: Foul Ball, location: 2F 3-2: Strikes out swinging
|
Batting: RHB Jamie Bass
|
0-0: Ball 1-0: Foul Ball, location: 2F 1-1: Called Strike 1-2: Ball 2-2: Ball 3-2: Strikes out looking
|
Batting: RHB Roberto Delgado
|
0-0: SINGLE (Groundball, 56D, EV 95.6 MPH)
|
Batting: RHB Tom Primmer
|
0-0: Called Strike 0-1: Swinging Strike 0-2: Foul Ball, location: 2F 0-2: Ball 1-2: Ball 2-2: Strikes out looking
|
Bottom of the 7th over - 0 runs, 1 hit, 0 errors, 1 left on base; Tri-City 0 - Brooklyn 3 |
TOP OF THE 8TH |
Tri-City Dust Devils batting - Pitching for Brooklyn Cyclones : RHP Gwidon Kaminski
|
Batting: RHB Oren Jones
|
0-0: Ball 1-0: Foul Ball, location: 2F 1-1: Ball 2-1: SINGLE (Groundball, 6D, EV 106.2 MPH)
|
Batting: RHB Shane Bruce
|
0-0: Called Strike 0-1: Called Strike 0-2: Strikes out looking
|
Pinch Hitting: RHB Mike MacLeod
|
0-0: Called Strike 0-1: Swinging Strike 0-2: Ball 1-2: Strikes out swinging
|
Batting: LHB Ramon Vega
|
0-0: Ball 1-0: Called Strike 1-1: Ball Wild Pitch! Oren Jones to second 2-1: Ball 3-1: SINGLE (Flyball, 34D, EV 91.2 MPH) Oren Jones to third
|
Batting: RHB Hector Fernandez
|
0-0: Foul Ball, location: 2F 0-1: Ball 1-1: Ball 2-1: Ball 3-1: Base on Balls Ramon Vega to second
|
Batting: SHB Isaiah Scates
|
0-0: Called Strike 0-1: Ball 1-1: Swinging Strike 1-2: Strikes out swinging
|
Top of the 8th over - 0 runs, 2 hits, 0 errors, 3 left on base; Tri-City 0 - Brooklyn 3 |
BOTTOM OF THE 8TH |
Brooklyn Cyclones batting - Pitching for Tri-City Dust Devils : RHP Chris Pisor
|
Now at 3B: Mike MacLeod
|
|
Batting: SHB Duri Chilemba
|
0-0: Swinging Strike 0-1: Ground out 4-3 (Groundball, 34D, EV 111.2 MPH)
|
Batting: RHB Jack Nickleberry
|
0-0: Called Strike 0-1: Swinging Strike 0-2: Strikes out swinging
|
Batting: SHB Ryan Brown
|
0-0: Ball 1-0: Called Strike 1-1: Ball 2-1: Foul Ball, location: 2F 2-2: Ball 3-2: Base on Balls
|
Pitching: RHP Cal Abbott
|
|
Batting: LHB Miguel Ramos
|
0-0: Ball Ryan Brown steals 2nd base 1-0: Foul Ball, location: 2F 1-1: Ball 2-1: Foul Ball, location: 2F 2-2: Strikes out swinging
|
Bottom of the 8th over - 0 runs, 0 hits, 0 errors, 1 left on base; Tri-City 0 - Brooklyn 3 |
TOP OF THE 9TH |
Tri-City Dust Devils batting - Pitching for Brooklyn Cyclones : RHP Gwidon Kaminski
|
Pitching: RHP Leo Burgos
|
|
Now at 1B: Salvador Gomez
|
|
Batting: RHB Eric McMillian
|
0-0: Called Strike 0-1: Foul Ball, location: 2F 0-2: Ground out 3-1 (Groundball, 13, EV 84.4 MPH)
|
Batting: RHB Frank Elizondo
|
0-0: DOUBLE (Flyball, 78D, EV 86.9 MPH)
|
Batting: RHB Max Stillo
|
0-0: Ball 1-0: Swinging Strike 1-1: Swinging Strike 1-2: Strikes out swinging
|
Batting: RHB Oren Jones
|
0-0: Called Strike 0-1: Ground out 5-3 (Groundball, 5, EV 85.0 MPH)
|
Top of the 9th over - 0 runs, 1 hit, 0 errors, 1 left on base; Tri-City 0 - Brooklyn 3 |
|